 Dungeon Crawl Stone Soup version 0.27-a0-1083-gcf8293e1eb (webtiles) character file.

Game seed: 14991392026623865342

128 Hodglim the Chopper (level 5, -2/47 HPs)
             Began as a Hill Orc Monk on Apr 24, 2021.
             Slain by Blork the orc
             ... wielding a +0 long sword
              (10 damage)
             ... on level 4 of the Dungeon on Apr 26, 2021.
             The game lasted 00:15:14 (3746 turns).

Hodglim the Chopper (Hill Orc Monk)                 Turns: 3746, Time: 00:15:14

Health: -2/47      AC:  7    Str: 15    XL:     5   Next: 11%
Magic:  5/5        EV: 10    Int: 10    God:
Gold:   127        SH:  0    Dex: 13    Spells: 4/4 levels left

rFire    . . .     SeeInvis .   a - +0 hand axe
rCold    . . .     Faith    .   (no shield)
rNeg     . . .     Spirit   .   n - +0 scale mail
rPois    .         Reflect  .   (no helmet)
rElec    .         Harm     .   p - scarf {repulsion}
rCorr    .         Rampage  .   b - +0 pair of gloves
Will     .....                  (no boots)
Stlth    ..........             (no amulet)
HPRegen  0.15/turn              (no ring)
MPRegen  0.09/turn              (no ring)

@: repel missiles
A: no striking features
a: no special abilities


You were on level 4 of the Dungeon.
You visited 1 branch of the dungeon, and saw 4 of its levels.

You collected 127 gold pieces.

Inventory:

Hand Weapons
 a - a +0 hand axe (weapon)
Missiles
 e - 126 stones
 h - 9 javelins (quivered)
 s - 5 boomerangs
Armour
 b - a +0 pair of gloves (worn)
 n - a +0 scale mail (worn)
 p - a scarf of repulsion (worn)
 q - a +0 plate armour
Wands
 o - a wand of digging (1)
Scrolls
 d - a scroll of vulnerability {unknown}
 f - a scroll of teleportation {unknown}
 g - a scroll of identify
 i - 2 scrolls of magic mapping {unknown}
 l - 2 scrolls of amnesia {unknown}
 m - 2 scrolls of holy word {unknown}
Potions
 j - 2 potions of attraction
 k - a potion of curing {unknown}
 r - 3 potions of brilliance {unknown}
 t - a potion of lignification {unknown}


   Skills:
 + Level 4.6 Fighting
 + Level 5.0 Axes
 + Level 2.2 Armour
 + Level 3.1 Dodging
 - Level 1.5 Stealth


You had 4 spell levels left.
You didn't know any spells.
Your spell library was empty.

Dungeon Overview and Level Annotations

Branches:
Dungeon (4/15)
 Temple: D:4-7

Altars:
Gozag
Zin

Annotations:
D:4 Blork the orc


Message History

The puff of flame hits you.
* * * LOW HITPOINT WARNING * * *
You hear a zap.
Some rock shatters into small pieces.
Okay, then.
You feel much better.
Blork the orc hits you with a +0 long sword. x2
Blork the orc closely misses you.
Blork the orc zaps a wand.
Some rock shatters into small pieces.
Blork the orc gestures at you while chanting.
The puff of flame is repelled.
Blork the orc casts a spell at you. The puff of frost hits you.
You hit Blork the orc.
Blork the orc is moderately wounded.
Blork the orc closely misses you.
Blork the orc points at you and mumbles some strange words.
The magic dart hits you.
* * * LOW HITPOINT WARNING * * *
You hit Blork the orc.
Blork the orc is moderately wounded.
Blork the orc gestures at you while chanting.
The puff of frost hits you!
* * * LOW HITPOINT WARNING * * *
You hit Blork the orc but do no damage.
Blork the orc is moderately wounded.
Blork the orc is no longer moving quickly.
Blork the orc completely misses you.
Blork the orc hits you but does no damage.
You hit Blork the orc.
Blork the orc is heavily wounded.
Blork the orc mumbles some strange words.
Blork the orc seems to speed up.
You hit Blork the orc but do no damage.
Blork the orc is heavily wounded.
Blork the orc completely misses you.
You hit Blork the orc.
Blork the orc is heavily wounded.
Blork the orc hits you with a +0 long sword!
You die...

.#........#.#
..........#.#########
..........#.........#
....................#
....................#
..........#.........###
..#.................#.#
.....##.###.###..###.#
..#..# #.......#@##.#
..#..###.......#o#.#
...^...........#..#
...............#.##
.#.####..........#####
.#. #...†......!....#
#............##......#
.............##......#
#.#....((....##......#


You could see Blork the orc (fast).

Vanquished Creatures
  A gnoll (D:3)
  5 adders
  2 worms (D:3)
  3 orcs
  6 ball pythons
  A bat (D:3)
  9 endoplasms
  2 giant cockroaches
  7 goblins
  2 hobgoblins
  7 jackals
  A quokka (D:2)
  4 frilled lizards
  7 kobolds
  5 rats
62 creatures vanquished.

Notes
Turn   | Place    | Note
-------+----------+-------------------------------------------
     0 | D:1      | Hodglim the Hill Orc Monk began the quest for the Orb.
     0 | D:1      | Reached XP level 1. HP: 19/19 MP: 1/1
   188 | D:1      | Reached XP level 2. HP: 22/27 MP: 2/2
   492 | D:1      | Reached skill level 1 in Armour
  1004 | D:1      | Reached XP level 3. HP: 33/33 MP: 3/3
  1708 | D:2      | Found a faded altar of an unknown god.
  2113 | D:2      | Reached XP level 4. HP: 40/40 MP: 4/4
  2324 | D:3      | Upgraded the game from 0.27-a0-1066-g29160eaed2 to
                  | 0.27-a0-1083-gcf8293e1eb
  2474 | D:3      | Found a glowing silver altar of Zin.
  2582 | D:3      | Found an opulent altar of Gozag.
  3486 | D:4      | Reached skill level 5 in Axes
  3486 | D:4      | Reached XP level 5. HP: 47/47 MP: 5/5
  3705 | D:4      | Noticed Blork the orc
  3746 | D:4      | Slain by Blork the orc

Illustrated notes

Levels and vault maps discovered:
D:1:      evilmike_arrival_hilbert_curve, layout_basic
D:2:      layout_basic, shapermc_ecumenical_altar_starsandcircs
D:3:      layout_loops_ring, pdpol_temple_overflow_zin_treasury_gozag_greed,
          minmay_quadrilaterals
D:4:      layout_rooms, uniq_blork_the_orc

Skill      XL: |  1  2  3  4 |
---------------+-------------+-----
Armour         | 1 2 |  2.2
Fighting       | 4 |  4.6
Dodging        | 3 |  3.1
Axes           | 5 |  5.0
Stealth        | |  1.5

Action                   |  1- 3 |  4- 6 || total
-------------------------+-------+-------++-------
Melee: Hand axe          |   106 |    71 ||   177
Throw: Javelin           |    10 |    26 ||    36
       Stone             |       |     7 ||     7
  Use: Scroll            |       |     2 ||     2
       Potion            |       |     1 ||     1
 Stab: Sleeping          |     2 |       ||     2
Armor: Robe              |     8 |       ||     8
       Leather armour    |     9 |     2 ||    11
       Scale mail        |       |    27 ||    27
Dodge: Dodged            |    70 |    43 ||   113
       Repelled          |       |     1 ||     1

Table legend: (Time is in decaauts)
 A = Elapsed time spent in this place.
 B = Non-inter-level travel time spent in this place.
 C = Inter-level travel time spent in this place.
 D = Time resting spent in this place.
 E = Time spent auto-exploring this place.
 F = Levels seen in this place.
 G = Mean time per level.
                   A        B        C        D        E       F      G
               +--------+--------+--------+--------+--------+-----+--------+
         Total |   3781 |   3640 |    141 |    726 |   1682 |   4 |  945.2 |
       Dungeon |   3781 |   3640 |    141 |    726 |   1682 |   4 |  945.2 |
               +--------+--------+--------+--------+--------+-----+--------+

Top non-repeatable levels by time:
     D:1: 1419 daAuts
     D:3: 1178 daAuts
     D:2: 912 daAuts
     D:4: 271 daAuts
